AoeStats
← Arrodes

Black Forest

510390793Analyzed
2v2 RM · 2d ago on Sep 30, 2026· 54m 23s· 4 players
Game mode
Random Map
Map size
Medium (4 player)
Population
200
Speed
Normal
Resources
Standard
Victory
Conquest
Starting age
Dark Age
Ending age
Imperial Age
RankedLock teamsTeams togetherTeam positionsShared explorationLock speedFull tech treeHidden civsTurbo modeCheats
Victory
Defeat
🇹🇷 Bohemians · Türkiye
848
+14
🇹🇷 Maya · Türkiye
790
+16
🇪🇸 Vikings · Spain
797
-15
🇬🇧 Franks · United Kingdom
791
-15
crissheller
0:30 Loom
14:53 Feudal Age
15:26 Town Watch
15:31 Double-Bit Axe
23:58 Castle Age
23:47 Stone Mining
24:51 Pikeman
25:33 Squires
25:19 Arson
27:10 Scale Mail Armor
27:22 Forging
27:03 Fletching
27:14 Padded Archer Armor
28:05 Gold Mining
33:26 Imperial Age
30:57 Fletching
31:08 Padded Archer Armor
31:19 Forging
34:34 Conscription
35:01 Fortified Wall
34:54 Scale Mail Armor
35:09 Crossbowman
37:21 Heated Shot
37:52 Ballistics
38:30 Murder Holes
38:41 Murder Holes
40:41 Hoardings
42:13 Chemistry
41:55 Leather Archer Armor
41:23 Treadmill Crane
42:25 Arbalester
44:36 Sappers
50:49 Bodkin Arrow
51:25 Ring Archer Armor
51:11 Chain Mail Armor
51:31 Iron Casting
51:02 Scale Barding Armor
baron von wes
7:07 Loom
11:19 Feudal Age
12:15 Man-at-Arms
12:50 Gold Mining
12:57 Double-Bit Axe
20:48 Wheelbarrow
25:26 Castle Age
24:21 Scale Barding Armor
25:27 Stone Mining
26:37 Bow Saw
27:05 Husbandry
27:29 Chain Barding Armor
28:02 Gold Shaft Mining
29:31 Forging
30:52 Hand Cart
35:50 Imperial Age
34:56 Iron Casting
36:35 Cavalier
38:08 Paladin
39:08 Pikeman
41:09 Conscription
42:18 Chivalry
43:11 Elite Skirmisher
47:43 Plate Barding Armor
48:36 Fletching
51:44 Cranequins
52:25 Bodkin Arrow
52:34 Padded Archer Armor
Arrodes
13:04 Feudal Age
13:32 Double-Bit Axe
22:00 Castle Age
20:59 Padded Archer Armor
20:51 Fletching
21:38 Horse Collar
21:43 Fishing Lines
23:07 Bow Saw
23:52 Gillnets
25:39 Wheelbarrow
24:49 Loom
27:08 Hand Cart
26:49 Pikeman
27:30 Squires
28:51 Arson
29:25 Leather Archer Armor
30:32 Scale Barding Armor
33:24 Ballistics
34:06 Chemistry
33:18 Heavy Plow
33:28 Scale Mail Armor
33:38 Forging
34:33 Wagenburg Tactics
38:50 Imperial Age
38:17 Fortified Wall
38:20 Masonry
38:44 Chain Mail Armor
39:05 Iron Casting
41:43 Plate Mail Armor
42:14 Blast Furnace
40:39 Light Cavalry
41:20 Husbandry
41:46 Chain Barding Armor
41:20 Houfnice
42:58 Halberdier
45:42 Bombard Tower
48:37 Elite Hussite Wagon
emre_2626eses
13:09 Feudal Age
13:41 Double-Bit Axe
15:24 Horse Collar
19:00 Gold Mining
23:51 Fishing Lines
26:36 Castle Age
28:18 Wheelbarrow
28:15 Fletching
28:25 Padded Archer Armor
29:40 Bow Saw
29:22 Stone Mining
31:03 Heavy Plow
31:30 Gillnets
32:02 Thumb Ring
32:10 Crossbowman
37:54 Imperial Age
35:11 Elite Skirmisher
38:11 Hand Cart
37:54 Bodkin Arrow
38:14 Leather Archer Armor
38:32 Arbalester
38:57 Capped Ram
41:15 Bracer
41:45 Ring Archer Armor
41:55 Stone Shaft Mining
42:23 Two-Man Saw
41:58 Crop Rotation
41:36 Hul'che Javelineers
43:41 Forging
43:32 Scale Mail Armor
43:08 Siege Ram
45:11 Elite Plumed Archer
46:35 Iron Casting
46:15 Chain Mail Armor
45:26 Eagle Warrior
46:08 Squires
45:53 Arson
47:29 Elite Eagle Warrior
51:39 Holcans
Connection lost

Rejoining the realm…

Still unreachable

The connection could not be restored.

Session expired

The server has moved on; the page needs a fresh start.